 Dungeon Crawl Stone Soup version 0.20-a0-472-g5c05303 (webtiles) character file.

2153 HarleyQuinn the Cleaver (level 9, 68/68 HPs)
             Began as a Minotaur Gladiator on Jan 14, 2017.
             Was a Priest of Makhleb.
             Quit the game on level 6 of the Dungeon.
             The game lasted 00:09:43 (6867 turns).

HarleyQuinn the Cleaver (Minotaur Gladiator)        Turns: 6867, Time: 00:09:43

Health: 68/68      AC: 11    Str: 21    XL:     9   Next: 10%
Magic:  7/7        EV:  7    Int:  5    God:    Makhleb [***...]
Gold:   28         SH:  0    Dex: 17    Spells: 8/8 levels left

rFire  . . .     SeeInvis .     a - +1 war axe
rCold  . . .     Gourm    .     L - +0 plate armour
rNeg   . . .     Faith    .     (no shield)
rPois  .         Spirit   .     c - +0 hat
rElec  .         Reflect  .     (no cloak)
rCorr  +         Harm     .     (no gloves)
MR     +....                    G - +0 pair of boots
Stlth  ..........               (no amulet)
                                h - +6 ring of dexterity
                                k - ring of resist corrosion

@: no status effects
A: retaliatory headbutt, horns 2, deterioration 1, low mp 1, magic resistance 1,
weak 1, MP-powered wands
a: Minor Destruction, Lesser Servant of Makhleb, Renounce Religion


You were on level 6 of the Dungeon.
You worshipped Makhleb.
Makhleb was most pleased with you.
You were very hungry.

You visited 1 branch of the dungeon, and saw 6 of its levels.
You also visited: Sewer.

You collected 274 gold pieces.
You spent 246 gold pieces at shops.

Inventory:

Hand Weapons
 a - a +1 war axe (weapon)
Missiles
 d - 3 throwing nets (quivered)
Armour
 b - a +0 leather armour
 c - a +0 hat (worn)
 l - a +0 chain mail
 G - a +0 pair of boots (worn)
 L - a +0 plate armour (worn)
Jewellery
 h - a +6 ring of dexterity (right hand)
 j - an uncursed ring of wizardry
 k - a ring of resist corrosion (left hand)
 v - an uncursed ring of fire
 H - an uncursed ring of fire
Wands
 s - a wand of polymorph (14/24)
 I - a wand of flame (29/48)
Scrolls
 e - 3 scrolls of remove curse
 g - 2 scrolls of immolation
 m - 5 scrolls of teleportation
 p - 6 scrolls of identify
 y - 2 scrolls of fear
 D - a scroll of enchant weapon
 E - a scroll of fog {unknown}
 J - a scroll of magic mapping {unknown}
 N - a scroll of recharging {unknown}
Potions
 i - a potion of ambrosia {unknown}
 n - 2 potions of agility
 q - 2 potions of flight {unknown}
 r - 2 potions of curing
 t - a potion of might {unknown}
 u - a potion of cure mutation {unknown}
 w - 2 potions of heal wounds
 z - a potion of degeneration {unknown}
 A - a potion of brilliance {unknown}
 B - a potion of magic {unknown}
 K - 2 potions of haste
 M - 2 potions of lignification
Books
 C - a book of Maledictions

   Spells                             Type                      Level
   a - Corona                         Hexes                        1
   b - Ensorcelled Hibernation        Hexes/Ice                    2
   c - Confuse                        Hexes                        3
   d - Tukima's Dance                 Hexes                        3
   e - Dazzling Spray                 Conjuration/Hexes            3
Comestibles
 f - 7 bread rations
 o - 4 meat rations
 F - a slice of pizza


   Skills:
 - Level 2.4 Fighting
 + Level 14.1 Axes
 - Level 2.0 Throwing
 - Level 3.2 Dodging


You had 8 spell levels left.
You didn't know any spells.

Dungeon Overview and Level Annotations

Branches:
Dungeon (6/15)             Temple (0/1) D:5

Altars:
Fedhas
Makhleb
Xom
Zin

Shops:
D:6 !


Innate Abilities, Weirdness & Mutations

You reflexively headbutt those who attack you in melee.
You have a pair of horns on your head.
Your body sometimes deteriorates upon taking damage.
Your magical capacity is low. (-10% MP)
You are resistant to hostile enchantments. (MR+)
You are weak. (Str -2)
You expend magic power (3 MP) to strengthen your wands.


Message History

No target in view!
No target in view!
No target in view!
No target in view!
No target in view!
Found Noozar's Distillery.
There is an entrance to Noozar's Distillery here.
K - 2 potions of haste (gained 1);
x - 2 potions of mutation (gained 1)
w - 2 potions of heal wounds (gained 1)
M - 2 potions of lignification (gained 1) Thank you for shopping at Noozar's Distillery!
Okay, then.
You feel extremely strange.
You feel weaker.
You feel resistant to hostile enchantments.
You feel less energetic.
You feel extremely strange.
You feel yourself wasting away.
You feel your magical essence link to your wands.
Are you sure you want to abandon this character and quit the game? (Confirm with "yes".)

##.# #.## #...#
##.# #...# #.#
#...# #.## #...#
##.# #...# #.##
#...## #..#
#....# ##.#
#.@..# #.##
#....# ##.#
#....# #.##
#....# #..#
#....# ##.##
#....# ####..#
##....# #
##..#..# #.....#
##
#....#.####....##


There were no monsters in sight!

Vanquished Creatures
  The ghost of ChocoNymphy the Shield-Bearer, a novice GrFi of Trog (D:5)
  An orc warrior (D:6)
  A sky beast (D:5)
  A centaur (D:5)
  4 bullfrogs
  2 scorpions
  2 bullfrog zombies (D:6)
  A crimson imp (D:5)
  2 quasits (D:6)
  2 bullfrog skeletons (D:5)
  4 hounds
  5 orc priests
  Terence (D:2)
  An iguana (D:4)
  5 orc wizards
  A worker ant (D:5)
  12 adders
  A shadow imp (D:5)
  10 oozes (Sewer)
  An adder skeleton (D:6)
  2 adder zombies
  A worm (D:2)
  10 leopard geckos
  24 orcs
  19 giant cockroaches
  5 goblins
  5 hobgoblins
  9 jackals
  14 kobolds
  5 quokkas
  3 ball pythons
  2 bats
  19 frilled lizards
  A quokka skeleton (D:5)
  38 rats
215 creatures vanquished.

Vanquished Creatures (others)
  An orc wizard (D:4)
1 creature vanquished.

Grand Total: 216 creatures vanquished

Notes
Turn   | Place    | Note
-------+----------+-------------------------------------------
     0 | D:1      | HarleyQuinn the Minotaur Gladiator began the quest for the Orb.
     0 | D:1      | Reached XP level 1. HP: 18/18 MP: 0/0
    60 | D:1      | Reached skill level 4 in Axes
   275 | D:1      | Reached XP level 2. HP: 20/25 MP: 1/1
  1120 | D:1      | Reached skill level 5 in Axes
  1234 | D:2      | Noticed Terence
  1238 | D:2      | Reached XP level 3. HP: 30/30 MP: 2/2
  1245 | D:2      | Killed Terence
  1477 | D:2      | Reached XP level 4. HP: 35/37 MP: 3/3
  1529 | D:2      | Reached skill level 6 in Axes
  2649 | D:3      | Reached XP level 5. HP: 42/42 MP: 4/4
  2667 | D:3      | Reached skill level 7 in Axes
  2737 | D:3      | Found a faded altar of an unknown god.
  2923 | D:3      | Noticed a blizzard demon
  2924 | D:3      | Found a burning altar of Makhleb.
  2927 | D:3      | Found a glowing silver altar of Zin.
  2927 | D:3      | Noticed an angel
  2930 | D:3      | Became a worshipper of Makhleb the Destroyer
  3030 | D:3      | Found a glowing drain.
  3044 | D:3      | Reached skill level 8 in Axes
  3049 | Sewer    | Entered a sewer
  3266 | Sewer    | Reached XP level 6. HP: 44/50 MP: 5/5
  3321 | Sewer    | Reached * piety under Makhleb
  3471 | Sewer    | Reached skill level 9 in Axes
  3993 | D:4      | Reached XP level 7. HP: 56/56 MP: 6/6
  4492 | D:4      | Reached skill level 10 in Axes
  4616 | D:4      | Found a blossoming altar of Fedhas.
  4627 | D:4      | Reached ** piety under Makhleb
  4884 | D:5      | Entered Level 5 of the Dungeon
  5071 | D:5      | Noticed ChocoNymphy's ghost (novice GrFi)
  5072 | D:5      | Reached skill level 11 in Axes
  5090 | D:5      | Killed ChocoNymphy's ghost
  5090 | D:5      | Reached skill level 12 in Axes
  5090 | D:5      | Reached XP level 8. HP: 15/62 MP: 7/7
  5452 | D:5      | Found a staircase to the Ecumenical Temple.
  5806 | D:5      | Reached skill level 13 in Axes
  6169 | D:6      | Found a shimmering altar of Xom.
  6219 | D:6      | Reached *** piety under Makhleb
  6583 | D:6      | Reached XP level 9. HP: 68/68 MP: 8/8
  6696 | D:6      | Reached skill level 14 in Axes
  6857 | D:6      | Found Noozar's Distillery.
  6865 | D:6      | Bought a potion of haste for 120 gold pieces
  6865 | D:6      | Bought a potion of mutation for 30 gold pieces
  6865 | D:6      | Bought a potion of heal wounds for 60 gold pieces
  6865 | D:6      | Bought a potion of lignification for 36 gold pieces
  6865 | D:6      | Gained mutation: You are weak. (Str -2) [potion of mutation]
  6865 | D:6      | Gained mutation: You are resistant to hostile enchantments. (MR+) [potion of mutation]
  6865 | D:6      | Gained mutation: Your magical capacity is low. (-10% MP) [potion of mutation]
  6866 | D:6      | Gained mutation: Your body sometimes deteriorates upon taking damage. [potion of mutation]
  6866 | D:6      | Gained mutation: You expend magic power (3 MP) to strengthen your wands. [potion of mutation]
  6867 | D:6      | Quit the game

Vault maps used:
D:1:      dpeg_arrival_leaves_temple_mockup
D:2:      serial_co_window_serial, co_window_of_opportunity_a,
          co_window_cross_1, co_window_corner_a, co_window_paths_a,
          co_window_paths_b, co_window_of_opportunity_c,
          co_window_of_opportunity_b, co_window_corner_cb, co_window_corner_b,
          co_window_paths_c, co_window_paths_e, glass_columns_c, uniq_terence
D:3:      grunt_temple_overflow_order_and_chaos_2,
          chequers_ecumenical_altar_island, portal_sewer_entry_e, first_bread,
          st_stairs_13, minmay_rat_hole
D:4:      fedhas_altar_1
D:6:      lemuel_round_altar, serial_shops, shop
Sewer:    sewer_frog_island_02

Skill      XL: |  1  2  3  4  5  6  7  8  9 |
---------------+----------------------------+-----
Axes           | 4 5 6 8 9 12 13 14 | 14.1
Fighting       | |  2.4
Throwing       | |  2.0
Dodging        | |  3.2

Action                   |  1- 3 |  4- 6 |  7- 9 || total
-------------------------+-------+-------+-------++-------
Melee: War axe           |    66 |   244 |   178 ||   488
       Headbutt          |    14 |    31 |    35 ||    80
  Use: Scroll            |       |     9 |     1 ||    10
       Potion            |       |     2 |     4 ||     6
 Stab: Sleeping          |     1 |       |       ||     1
  Eat: Chunk             |     2 |     7 |     9 ||    18
Armor: Leather armour    |     1 |       |       ||     1
       Chain mail        |    28 |   175 |    92 ||   295
       Plate armour      |       |       |    12 ||    12
Dodge: Dodged            |    36 |   106 |    72 ||   214
